[Event "*** SCC Grand Prix: Titled Tuesday Blitz"]
[Site "Chess.com"]
[Date "2020.06.23"]
[Round "8"]
[White "Hasangatin_Ramil"]
[Black "nrvisakh"]
[Result "0-1"]
[WhiteElo "2604"]
[BlackElo "2781"]
[TimeControl "180+1"]
[EndTime "11:38:23 PDT"]
[Termination "nrvisakh won by checkmate"]

1. e4 c5 2. Nf3 d6 3. d4 cxd4 4. Qxd4 Nf6 5. e5 Nc6 6. Bb5 Qa5+ 7. Nc3 Qxb5 8. Nxb5 Nxd4 9. Nfxd4 dxe5 10. Nc7+ Kd7 11.
Nxa8 exd4 12. Bf4 Nd5 13. O-O-O Nxf4 14. Rxd4+ Kc6 15. Rxf4 b5 16. a4 g6 17. Kb1 Kb7 18. axb5 Be6 19. Ra4 Kxa8 20. b6 a5 21. Rxa5+ Kb7 22.
Rd1 Bg7 23. Ra7+ Kxb6 24. Rxe7 Kc6 25. Ra7 Rb8 26. Ra6+ Kc7 27. Ra7+ Kc8 28. b3 Be5 29. g3 h5 30. f4 Bf6 31. Rd6 Rb5 32. Raa6 Kb7 33.
Rxe6 fxe6 34. Rxe6 Rf5 35. h4 Kc7 36. c4 Kd7 37.
Ra6 Ke7 38. Kc2 Rc5 39. Kd3 Rc8 40. b4 Rd8+ 41. Kc2 Rd4 42. Rc6 Re4 43. b5 Re2+ 44. Kd3 Rg2 45. b6 Rxg3+ 46. Ke4 Rb3 47. c5 Bxh4 48.
Rxg6 Bf2 49. Kd5 Rb5 50. Rg7+ Kf6 51. Rc7 h4 52. b7 h3 53. Kc4 Rb1 54. c6 Bg3 55.
Rh7 Bxf4 56. Rxh3 Ke6 57. Rh8 Bc7 58. Rc8 Kd6 59. Kd3 Rb6 60. Ke2 Rb5 61. Kf3 Rb3+ 62.
Ke4 Rb4+ 63. Kf3 Rb5 64. Ke2 Re5+ 65. Kf3 Rf5+ 66. Kg2 Rb5 67. Kf3 Rb6 68. Kg2 Rb2+ 69. Kf3 Rb1 70. Ke4 Re1+ 71. Kf3 Rb1 72. Kg2 Rb3 73. Kf2 Bb6+ 74. Kg2 Rb2+ 75. Kf3 Bc7 76. Kg3 Kxc6+ 77. Kf3 Kxb7 78. Rf8 Rb6 79. Rf5 Kc6 80. Kg4 Bd6 81. Rf6 Kd5 82. Rf5+ Be5 83. Kh5 Ke4 84. Rg5 Rb8 85. Rg6 Rh8+ 86. Rh6 Rf8 87. Rg6 Kf5 88. Rg5+ Ke6 89. Rg6+ Bf6 90. Kg4 Kf7 91. Rh6 Ke6 92.
Rh5 Rg8+ 93. Kf3 Ra8 94. Rb5 Ra3+ 95. Kg4 Be5 96. Kh5 Kf5 97. Kh4 Ra2 98. Kh3 Rh2# 0-1

[Event "*** SCC Grand Prix: Titled Tuesday Blitz"]
[Site "Chess.com"]
[Date "2020.06.23"]
[Round "8"]
[White "AungTZ"]
[Black "Falia-p"]
[Result "0-1"]
[WhiteElo "2089"]
[BlackElo "2243"]
[TimeControl "180+1"]
[EndTime "11:38:32 PDT"]
[Termination "Falia-p won on time"]

1. e4 c6 2. d4 d5 3. Nc3 dxe4 4. Nxe4 Nf6 5. Nxf6+ exf6 6. Nf3 Bd6 7. Bd3 O-O 8. O-O Re8 9. h3 Nd7 10. c4 Nf8 11.
Be3 Be6 12. Qd2 Ng6 13. Rad1 Rc8 14. b4 Qd7 15. h4 Bg4 16. Bxg6 hxg6 17. c5 Bb8 18.
Bf4 Bxf3 19. gxf3 Qf5 20. Bxb8 Rxb8 21. Kg2 Rbd8 22. Rh1 Rd5 23. Rh3 Red8 24. Qe3 Qe6 25. h5 gxh5 26. Rh4 Rg5+ 27. Kf1 Qc4+ 28. Qd3 Qxa2 29.
Re4 Qd5 30. Qe3 Qf5 31. Ke2 Qd5 32. Rh1 Qc4+ 33. Qd3 Qxd3+ 34. Kxd3 a5 35. Kc4 axb4 36. Kxb4 Rgd5 37. Kc4 Kf8 38. Rb1 R8d7 39. Ra1 g6 40. Ra8+ Kg7 41. Ree8 Rxd4+ 42. Kc3 Rd3+ 43. Kb4 R7d4+ 44.
Ka5 Ra3+ 45. Kb6 Rxa8 46. Rxa8 Rb4+ 47. Kc7 Rb5 48. Kd6 f5 49. Ra1 h4 50. Rh1 g5 51.
f4 f6 52. fxg5 fxg5 53. f4 Kg6 54. fxg5 Kxg5 55. Rg1+ Kf4 56. Rf1+ Kg4 57. Rg1+ Kh3 58. Rg5 f4 59. Ke5 Rb4 60. Kd6 f3 61. Rf5 Kg3 62.
Rg5+ Rg4 63. Rf5 Rf4 64. Rg5+ Kh3 65. Rg1 f2 66. Ra1 Kg2 67. Ke5 f1=Q 68. Rxf1 Rxf1 69. Kd6 Rf7 70. Ke5 Rh7 71. Kf4 h3 72. Kg4 h2 73.
Kf4 h1=Q 74. Kg4 Qh4+ 75. Kf5 Rh5+ 76. Ke6 Qg4+ 77. Kd6 Qg6+ 78. Kc7 Rxc5 79. Kb6 Rb5+ 80. Kc7 Qf7+ 81. Kb8 c5 82. Ka7 Ra5+ 83. Kb8 Ra8+ 84. Kxa8 b5 85. Kb8 b4 86. Kc8 c4 87. Kd8 c3 88. Kc8 c2 89. Kb8 b3 90. Ka8 b2 91.
Kb8 b1=Q+ 92. Ka8 Qba2+ 93. Kb8 Qaa7+ 94. Kc8 c1=Q+ 0-1

[Event "*** SCC Grand Prix: Titled Tuesday Blitz"]
[Site "Chess.com"]
[Date "2020.06.23"]
[Round "9"]
[White "PlayChessSimple"]
[Black "pavlitas17"]
[Result "1-0"]
[WhiteElo "2514"]
[BlackElo "2317"]
[TimeControl "180+1"]
[EndTime "11:40:37 PDT"]
[Termination "PlayChessSimple won by resignation"]

1. e4 g6 2. d4 Bg7 3. Nc3 d5 4. exd5 f6 5. Nf3 c6 6. dxc6 Nxc6 7.
Bc4 e6 8. O-O Nge7 9. Re1 O-O 10. Bxe6+ Bxe6 11. Rxe6 Kh8 12. d5 Ne5 13. Nxe5 fxe5 14.
Bg5 Rf7 15. Rxe7 Rxe7 16. d6 1-0

[Event "*** SCC Grand Prix: Titled Tuesday Blitz"]
[Site "Chess.com"]
[Date "2020.06.23"]
[Round "9"]
[White "RusPakhom"]
[Black "Yoshikrov"]
[Result "1-0"]
[WhiteElo "2318"]
[BlackElo "2022"]
[TimeControl "180+1"]
[EndTime "11:41:10 PDT"]
[Termination "RusPakhom won by resignation"]

1. e4 c5 2. c3 Nf6 3. e5 Nd5 4. d4 cxd4 5. Nf3 e6 6. cxd4 d6 7. Bc4 Nc6 8. O-O dxe5 9. dxe5 Be7 10. Bxd5 Qxd5 11. Qxd5 exd5 12. Rd1 Be6 13. Nc3 Rd8 14. Be3 O-O 15. Rac1 a6 16. Ne2 Bg4 17. Ned4 Nxd4 18. Rxd4 Rd7 19. Rxg4 1-0

[Event "*** SCC Grand Prix: Titled Tuesday Blitz"]
[Site "Chess.com"]
[Date "2020.06.23"]
[Round "9"]
[White "kosmys"]
[Black "levallem"]
[Result "0-1"]
[WhiteElo "1804"]
[BlackElo "2127"]
[TimeControl "180+1"]
[EndTime "11:41:24 PDT"]
[Termination "levallem won by checkmate"]

1. d4 f5 2. c4 Nf6 3. Nc3 e6 4. e3 c6 5. Nf3 d5 6. b3 Be7 7.
Ne5 O-O 8. h4 Ne4 9. Nxe4 fxe4 10. g3 Bb4+ 11. Bd2 Bd6 12. Bg2 Qf6 13. Bc3 Qxf2# 0-1

[Event "*** SCC Grand Prix: Titled Tuesday Blitz"]
[Site "Chess.com"]
[Date "2020.06.23"]
[Round "9"]
[White "HanSchut"]
[Black "alenee"]
[Result "1/2-1/2"]
[WhiteElo "2211"]
[BlackElo "2359"]
[TimeControl "180+1"]
[EndTime "11:41:31 PDT"]
[Termination "Game drawn by agreement"]

1. e4 c5 2. Nf3 e6 3. c4 Nc6 4. Nc3 Nf6 5. Be2 d5 6. exd5 exd5 7. d4 cxd4 8. Nxd4 Bb4 9. O-O O-O 10. cxd5 Nxd4 11.
Qxd4 Bxc3 12. bxc3 Qxd5 13. Bf3 Qxd4 14. cxd4 Rd8 15.
Rb1 1/2-1/2

[Event "*** SCC Grand Prix: Titled Tuesday Blitz"]
[Site "Chess.com"]
[Date "2020.06.23"]
[Round "9"]
[White "budda"]
[Black "QueenOfTactics90"]
[Result "0-1"]
[WhiteElo "2314"]
[BlackElo "1982"]
[TimeControl "180+1"]
[EndTime "11:41:37 PDT"]
[Termination "QueenOfTactics90 won by resignation"]

1. e4 c5 2. Nf3 Nc6 3. d4 cxd4 4. Nxd4 g6 5. Nxc6 bxc6 6. Nc3 Bg7 7. Bd3 Nf6 8. O-O O-O 9. Qe1 d6 10. Kh1 Rb8 11. f4 Qc7 12. e5 dxe5 13. fxe5 Ng4 14.
Bf4 Bxe5 15. Qg3 Bxf4 16. Rxf4 Nf6 17. Re1 Nh5 0-1

[Event "*** SCC Grand Prix: Titled Tuesday Blitz"]
[Site "Chess.com"]
[Date "2020.06.23"]
[Round "9"]
[White "KingChess345"]
[Black "PattyCastillo"]
[Result "1-0"]
[WhiteElo "2173"]
[BlackElo "1927"]
[TimeControl "180+1"]
[EndTime "11:41:46 PDT"]
[Termination "KingChess345 won by resignation"]

1. d4 d5 2. Nf3 Nf6 3. g3 c6 4. Bg2 e6 5. O-O Nbd7 6. c4 Be7 7. Nbd2 O-O 8. Qc2 b6 9. e4 dxe4 10. Nxe4 Nxe4 11. Qxe4 Bb7 12. Bf4 Nf6 13. Qe2 c5 14. Rad1 Qc8 15. d5 Nh5 16. Bc1 Re8 17. d6 1-0

[Event "*** SCC Grand Prix: Titled Tuesday Blitz"]
[Site "Chess.com"]
[Date "2020.06.23"]
[Round "9"]
[White "Irishchessman16"]
[Black "elamier"]
[Result "0-1"]
[WhiteElo "2433"]
[BlackElo "2341"]
[TimeControl "180+1"]
[EndTime "11:42:05 PDT"]
[Termination "elamier won by resignation"]

1. e4 c5 2. Nf3 e6 3. c3 Nf6 4.
e5 Nd5 5. d4 cxd4 6. Qxd4 Nc6 7.
Qe4 f5 8. Qe2 b5 9. g3 a5 10.
Bg2 Ba6 11. O-O a4 12. Rd1 Be7 13. Rxd5 exd5 14. e6 dxe6 15. Qxe6 Qd6 16. Qxf5 Qf6 17. Qxd5 Rd8 18. Qg5 Rd1+ 0-1

[Event "*** SCC Grand Prix: Titled Tuesday Blitz"]
[Site "Chess.com"]
[Date "2020.06.23"]
[Round "9"]
[White "SantoBlue"]
[Black "IMHansNiemann"]
[Result "0-1"]
[WhiteElo "2793"]
[BlackElo "2966"]
[TimeControl "180+1"]
[EndTime "11:42:07 PDT"]
[Termination "IMHansNiemann won by resignation"]

1. e4 c5 2. Nc3 Nc6 3. Bb5 g6 4.
Bxc6 bxc6 5. d3 Bg7 6. f4 d6 7. Nf3 Nf6 8. O-O O-O 9. Kh1 Bg4 10. Qe1 Bxf3 11. Rxf3 Nd7 12. f5 e6 13. Rh3 Ne5 14. Bh6 Bxh6 15. Rxh6 Qg5 16. Rh3 exf5 17. exf5 Qxf5 18. Ne4 Rad8 19. Qh4 h5 20. Kg1 Ng4 21. Rf1 Qe5 22. Rg3 f5 23. Nd2 Qd4+ 24. Kh1 Nf2+ 25.
Rxf2 Qxh4 26. Rxg6+ Kh7 0-1

[Event "*** SCC Grand Prix: Titled Tuesday Blitz"]
[Site "Chess.com"]
[Date "2020.06.23"]
[Round "9"]
[White "Andrii_Prydun"]
[Black "iaraldinho"]
[Result "1-0"]
[WhiteElo "2401"]
[BlackElo "2525"]
[TimeControl "180+1"]
[EndTime "11:42:08 PDT"]
[Termination "Andrii_Prydun won by resignation"]

1. d4 f5 2. Nc3 Nf6 3. Bg5 e6 4. e4 fxe4 5. Nxe4 Be7 6. Bxf6 Bxf6 7. Nf3 O-O 8. Bd3 d5 9. Nxf6+ Qxf6 10. Qe2 c5 11. c3 Nc6 12. O-O-O Bd7 13. Rhe1 cxd4 14. cxd4 Rac8 15. Kb1 a6 16. Ne5 Nxe5 17. dxe5 Qxf2 18. Qh5 h6 19. Qg6 Rf4 20. Rf1 Qd4 21. g3 Rf5 22.
Bxf5 exf5 23. Rxd4 1-0

[Event "*** SCC Grand Prix: Titled Tuesday Blitz"]
[Site "Chess.com"]
[Date "2020.06.23"]
[Round "9"]
[White "SamuelGhimpu2003"]
[Black "ChessicallyInclined"]
[Result "0-1"]
[WhiteElo "2586"]
[BlackElo "2498"]
[TimeControl "180+1"]
[EndTime "11:42:11 PDT"]
[Termination "ChessicallyInclined won by resignation"]

1. f4 d5 2. Nf3 g6 3. g3 Bg7 4. Bg2 h5 5. d3 Nc6 6. e4 dxe4 7. dxe4 Qxd1+ 8. Kxd1 Bg4 9. h3 Bxf3+ 10. Bxf3 O-O-O+ 11.
Ke1 Nd4 12. Bd1 e5 13. c3 Ne6 14. Be3 Bh6 15. Rf1 h4 16. f5 Bxe3 17. fxe6 hxg3 18.
Bf3 f5 19. Ke2 Bf4 20. Bg2 Nf6 21. e7 Rd7 0-1

[Event "*** SCC Grand Prix: Titled Tuesday Blitz"]
[Site "Chess.com"]
[Date "2020.06.23"]
[Round "9"]
[White "Alindsay211"]
[Black "JozefKneht"]
[Result "1-0"]
[WhiteElo "2328"]
[BlackElo "2428"]
[TimeControl "180+1"]
[EndTime "11:42:18 PDT"]
[Termination "Alindsay211 won by resignation"]

1. e4 e5 2. Nf3 Nc6 3. Bb5 a6 4.
Bxc6 dxc6 5. O-O f6 6. d4 exd4 7. Nxd4 c5 8. Nb3 Qxd1 9. Rxd1 Bg4 10. f3 Bd7 11. Be3 b6 12. Nc3 O-O-O 13. a4 Ne7 14. a5 c4 15. Nd2 b5 16. b3 cxb3 17. Nxb3 Nc6 18. Bc5 Nb4 19. Nd5 Nxd5 20. exd5 Kb8 21.
d6 Bc8 22. dxc7+ 1-0

[Event "*** SCC Grand Prix: Titled Tuesday Blitz"]
[Site "Chess.com"]
[Date "2020.06.23"]
[Round "9"]
[White "Manukyan_Artak"]
[Black "FMOlexandrProhorov"]
[Result "0-1"]
[WhiteElo "2324"]
[BlackElo "2137"]
[TimeControl "180+1"]
[EndTime "11:42:22 PDT"]
[Termination "FMOlexandrProhorov won by resignation"]

1. e4 c5 2. Nf3 e6 3. c3 Nf6 4. e5 Nd5 5. d4 cxd4 6. cxd4 Nc6 7. Nc3 Nxc3 8. bxc3 d6 9. Bd3 dxe5 10. dxe5 Qc7 11.
O-O Be7 12. Qe2 b6 13. Re1 Bb7 14. Bg5 h6 15. Bxe7 Nxe7 16. Be4 O-O 17. Rad1 Bxe4 18. Qxe4 Qxc3 19. Rd3 Qa5 20. Nh4 Rad8 21. Rg3 Rd4 0-1

[Event "*** SCC Grand Prix: Titled Tuesday Blitz"]
[Site "Chess.com"]
[Date "2020.06.23"]
[Round "9"]
[White "davidkalashian"]
[Black "Bayernbk"]
[Result "1-0"]
[WhiteElo "2646"]
[BlackElo "2474"]
[TimeControl "180+1"]
[EndTime "11:42:25 PDT"]
[Termination "davidkalashian won by resignation"]

1. d4 Nf6 2. c4 e6 3. Nf3 d5 4. Nc3 c5 5. cxd5 Nxd5 6. e4 Nxc3 7. bxc3 cxd4 8. cxd4 Bb4+ 9. Bd2 Bxd2+ 10. Qxd2 O-O 11. Rb1 b6 12. Bc4 Bb7 13. Qe2 Nc6 14. Rd1 Qd6 15. O-O h6 16. d5 exd5 17. Bxd5 Qe7 18. Rc1 Nd4 19. Nxd4 Bxd5 20. exd5 Qd6 21. Qf3 Rfd8 22. Nf5 Qd7 23. d6 g6 24. Nxh6+ Kg7 25. Rc7 1-0

[Event "*** SCC Grand Prix: Titled Tuesday Blitz"]
[Site "Chess.com"]
[Date "2020.06.23"]
[Round "9"]
[White "2008king"]
[Black "vova-79"]
[Result "1/2-1/2"]
[WhiteElo "2245"]
[BlackElo "2409"]
[TimeControl "180+1"]
[EndTime "11:42:37 PDT"]
[Termination "Game drawn by repetition"]

1. e4 e6 2. d4 d5 3. Nc3 dxe4 4. Nxe4 Nd7 5. Nf3 Ngf6 6. Bd3 c5 7. c3 Nxe4 8. Bxe4 Nf6 9. Bc2 cxd4 10. Qxd4 Qxd4 11. Nxd4 Bc5 12. Be3 Bb6 13. O-O-O Bd7 14. Kb1 Ke7 15. Rhe1 g6 16. Bg5 h6 17. Nf5+ gxf5 18.
Bxf6+ Kxf6 19. Rxd7 Bxf2 20. Rf1 Bb6 21. g4 Rad8 22.
Rxb7 Rb8 23. Rxb8 Rxb8 24. gxf5 e5 25. Rd1 Rd8 26. Rxd8 Bxd8 27. Be4 Kg5 28. Kc2 Kf4 29. Kd3 h5 30. a4 h4 31. b4 Bb6 32. f6 Bd8 33. Bd5 Bxf6 34. Bxf7 e4+ 35. Ke2 Bxc3 36. b5 Ba5 37. Be6 Bb6 38. Bd7 Bg1 39. h3 Bb6 40.
Bc8 Ba5 41. Bd7 Bb6 42. Bc8 Ba5 43. Be6 Bb6 44. Bd7 Ba5 45. Bc6 Bb6 46. Bd7 Ba5 47.
Bc8 Bb6 48. Bd7 1/2-1/2

[Event "*** SCC Grand Prix: Titled Tuesday Blitz"]
[Site "Chess.com"]
[Date "2020.06.23"]
[Round "9"]
[White "Alopekos"]
[Black "UKR_Master"]
[Result "0-1"]
[WhiteElo "2422"]
[BlackElo "2324"]
[TimeControl "180+1"]
[EndTime "11:42:41 PDT"]
[Termination "UKR_Master won by resignation"]

1. c4 e5 2. Nc3 Nf6 3. d3 d5 4. cxd5 Nxd5 5. g3 Nc6 6. Bg2 Nxc3 7. bxc3 Be7 8. Nf3 O-O 9. O-O Bg4 10. h3 Bf5 11. d4 e4 12. Nd2 e3 13. fxe3 Qd7 14.
Kh2 Bg6 15. e4 Rad8 16. e3 Na5 17. Rb1 b6 18. Nb3 Nc4 19. Nd2 Nxe3 20. Qe2 Nxf1+ 21.
Qxf1 c5 22. d5 Bf6 23. Nc4 Rfe8 24. Bf4 Bxe4 25. Bxe4 Rxe4 26. Nd2 Ree8 27. c4 Qf5 28. Nf3 Re4 29. Nh4 Bxh4 30. gxh4 Qxf4+ 31. Qxf4 Rxf4 32.
Kg3 Re4 33. Rf1 Rxc4 34. Re1 Rd4 35. d6 R4xd6 0-1

[Event "*** SCC Grand Prix: Titled Tuesday Blitz"]
[Site "Chess.com"]
[Date "2020.06.23"]
[Round "9"]
[White "pastouche06"]
[Black "WonderChampion"]
[Result "1-0"]
[WhiteElo "2456"]
[BlackElo "2043"]
[TimeControl "180+1"]
[EndTime "11:42:41 PDT"]
[Termination "pastouche06 won by resignation"]

1. d4 d5 2. c4 e6 3. Nc3 c6 4. e4 dxe4 5. Nxe4 Bb4+ 6. Nc3 Nf6 7.
a3 Bxc3+ 8. bxc3 O-O 9. Nf3 c5 10. Bd3 Nc6 11. O-O cxd4 12. cxd4 Re8 13. Bb2 Bd7 14.
Qe2 a5 15. Ne5 Nxe5 16. dxe5 Qb6 17. exf6 gxf6 18. Bxf6 e5 19. Qf3 Qd4 20. Be4 Bc6 21. Qg3+ 1-0

[Event "*** SCC Grand Prix: Titled Tuesday Blitz"]
[Site "Chess.com"]
[Date "2020.06.23"]
[Round "9"]
[White "ChronicUnhappiness"]
[Black "Logman74"]
[Result "1-0"]
[WhiteElo "2370"]
[BlackElo "2461"]
[TimeControl "180+1"]
[EndTime "11:42:46 PDT"]
[Termination "ChronicUnhappiness won by resignation"]

1. c4 Nf6 2. Nf3 d6 3. Nc3 e5 4. d4 exd4 5. Nxd4 Nc6 6. Nxc6 bxc6 7. g3 Be7 8. Bg2 O-O 9. O-O Be6 10. b3 h6 11. Bb2 Nd7 12. Qc2 Bf6 13. Rad1 Ne5 14. Ne4 Be7 15. Bxe5 Bf5 16. Qb2 f6 17. Bc3 Rb8 18. Nd2 Qd7 19. Nf3 Bh7 20. Nd4 c5 21. Nc2 c6 22. Rd2 Qc7 23. e4 Rf7 24. Ne3 Bf8 25.
Bh3 Re7 26. Bf5 a5 27. Bxh7+ Kxh7 28. Qc2 a4 29. e5+ Kg8 30. exd6 1-0

[Event "*** SCC Grand Prix: Titled Tuesday Blitz"]
[Site "Chess.com"]
[Date "2020.06.23"]
[Round "9"]
[White "Moon_stone123"]
[Black "DenisQ"]
[Result "0-1"]
[WhiteElo "2476"]
[BlackElo "2649"]
[TimeControl "180+1"]
[EndTime "11:42:49 PDT"]
[Termination "DenisQ won by resignation"]

1. e4 c6 2. Nc3 d5 3. Nf3 Bg4 4. h3 Bh5 5. g4 Bg6 6. exd5 cxd5 7. Ne5 Nc6 8. Bb5 Rc8 9. d4 e6 10. h4 f6 11. Nxg6 hxg6 12. Qd3 Kf7 13. h5 gxh5 14.
Rxh5 Rxh5 15. gxh5 Bb4 16. Bxc6 Rxc6 17. Bd2 Ne7 18. O-O-O Bxc3 19. Bxc3 Qc7 20. h6 Qf4+ 21. Bd2 Qf5 22. Qxf5 Nxf5 23. hxg7 Nxd4 24. Rg1 Ne2+ 0-1

[Event "*** SCC Grand Prix: Titled Tuesday Blitz"]
[Site "Chess.com"]
[Date "2020.06.23"]
[Round "9"]
[White "diamonds13"]
[Black "MasterKroket"]
[Result "1-0"]
[WhiteElo "2269"]
[BlackElo "2378"]
[TimeControl "180+1"]
[EndTime "11:42:57 PDT"]
[Termination "diamonds13 won by resignation"]

1. d4 Nf6 2. c4 e6 3. Nc3 Bb4 4. e3 O-O 5. Bd2 d6 6. Nf3 Nbd7 7. Rc1 e5 8. a3 Bxc3 9. Bxc3 Qe7 10. dxe5 Nxe5 11.
Nd4 Bg4 12. Be2 Nxc4 13. Bxg4 Nxe3 14. fxe3 Qxe3+ 15. Be2 Rfe8 16. Qd2 Qe4 17. O-O c5 18. Bd3 Qh4 19. Nf5 Qh5 20. Nxg7 Kxg7 21. Bxf6+ Kf8 22.
Qf4 Re6 23. Bc4 d5 24. g4 Qg6 25. Bxd5 Rb6 26. Bc3 1-0

[Event "*** SCC Grand Prix: Titled Tuesday Blitz"]
[Site "Chess.com"]
[Date "2020.06.23"]
[Round "9"]
[White "Lion-Al-Messi"]
[Black "PredragNikac"]
[Result "1-0"]
[WhiteElo "2456"]
[BlackElo "2227"]
[TimeControl "180+1"]
[EndTime "11:42:58 PDT"]
[Termination "Lion-Al-Messi won by resignation"]

1. e4 d5 2. exd5 Nf6 3. d4 Qxd5 4. Nc3 Qa5 5. Nf3 Bg4 6. Bc4 Nc6 7. h3 Bxf3 8. Qxf3 O-O-O 9. d5 Nd4 10. Qd3 e5 11.
O-O Bb4 12. a3 Bxc3 13. bxc3 Nc6 14. Qf5+ Kb8 15. dxc6 Qxc3 16. Rb1 Qxc4 17. Rxb7+ Ka8 18. Be3 Qxc6 1-0

[Event "*** SCC Grand Prix: Titled Tuesday Blitz"]
[Site "Chess.com"]
[Date "2020.06.23"]
[Round "9"]
[White "viditchess"]
[Black "Radzio1987"]
[Result "1-0"]
[WhiteElo "3027"]
[BlackElo "2866"]
[TimeControl "180+1"]
[EndTime "11:43:03 PDT"]
[Termination "viditchess won by resignation"]

1. d4 Nf6 2. c4 e6 3. Nf3 b6 4.
g3 Ba6 5. b3 d5 6. cxd5 exd5 7.
Bg2 Bb4+ 8. Bd2 Be7 9. O-O O-O 10. Nc3 Re8 11. Bg5 Nbd7 12. Rc1 h6 13. Bf4 Nf8 14.
Ne5 Bb7 15. Nd3 Ne6 16. Be5 c5 17. dxc5 bxc5 18. Bxf6 Bxf6 19. Na4 Rc8 20. Naxc5 Nxc5 21. Rxc5 Rc6 22. Rxd5 Qe7 23. Rb5 1-0

[Event "*** SCC Grand Prix: Titled Tuesday Blitz"]
[Site "Chess.com"]
[Date "2020.06.23"]
[Round "9"]
[White "MatyChess1"]
[Black "dpopadic"]
[Result "1-0"]
[WhiteElo "2545"]
[BlackElo "2352"]
[TimeControl "180+1"]
[EndTime "11:43:03 PDT"]
[Termination "MatyChess1 won by resignation"]

1. d4 Nf6 2. c4 g6 3. g3 Bg7 4. Bg2 d6 5. Nc3 O-O 6. e4 Nbd7 7. Nge2 e5 8. d5 Nc5 9. b4 Ncd7 10. a3 a5 11. Rb1 axb4 12. axb4 Nb6 13. Qd3 Bd7 14.
h3 Na4 15. O-O Nxc3 16. Nxc3 Qe7 17. Be3 Rfb8 18. c5 Ne8 19. Qc4 Bf8 20. Rfc1 h5 21. h4 Kh7 22. c6 bxc6 23. dxc6 Be6 24. Nd5 Bxd5 25. Qxd5 Nf6 26. Qd3 Bh6 27. b5 Bxe3 28. Qxe3 Rb6 29. f3 Rab8 30. Bf1 d5 31. exd5 Nxd5 32. Qc5 Qxc5+ 33. Rxc5 f6 34. Rxd5 1-0

[Event "*** SCC Grand Prix: Titled Tuesday Blitz"]
[Site "Chess.com"]
[Date "2020.06.23"]
[Round "9"]
[White "manmanlai1"]
[Black "Munkhzul_Turmunkh"]
[Result "0-1"]
[WhiteElo "2435"]
[BlackElo "2631"]
[TimeControl "180+1"]
[EndTime "11:43:05 PDT"]
[Termination "Munkhzul_Turmunkh won by resignation"]

1. e4 c5 2. Nf3 d6 3. Bb5+ Nd7 4. d4 cxd4 5. Qxd4 a6 6. Bxd7+ Bxd7 7. O-O Nf6 8. Bg5 e6 9. Nbd2 Bc6 10. Nc4 h6 11.
Bxf6 Qxf6 12. Nxd6+ Bxd6 13. Qxd6 Bxe4 14. Rfe1 Rd8 15.
Qb4 Bxf3 16. gxf3 Qxf3 17. Re3 Qf6 18. Rd3 Rxd3 19. cxd3 Qg6+ 20. Kh1 Qxd3 21. Rc1 Qd5+ 22. Kg1 Qg5+ 0-1

[Event "*** SCC Grand Prix: Titled Tuesday Blitz"]
[Site "Chess.com"]
[Date "2020.06.23"]
[Round "9"]
[White "TokChess"]
[Black "TimKett"]
[Result "1-0"]
[WhiteElo "2371"]
[BlackElo "2211"]
[TimeControl "180+1"]
[EndTime "11:43:06 PDT"]
[Termination "TokChess won by resignation"]

1. c4 e6 2. e3 d5 3. Nf3 c5 4. Be2 Nc6 5. O-O Nf6 6. cxd5 exd5 7. d4 Bd6 8. b3 O-O 9. dxc5 Bxc5 10. Bb2 Be6 11.
Nbd2 Rc8 12. Rc1 Bd6 13. Nd4 Bb8 14. N2f3 Ne4 15. Bd3 Bg4 16. Nxc6 bxc6 17. Bxe4 dxe4 18. Qxd8 Rfxd8 19. Ne5 Be2 20. Rfe1 Rd2 21. Nxc6 Bd6 22. Ne7+ Bxe7 23. Rxc8+ Bf8 24. Ba3 1-0

[Event "*** SCC Grand Prix: Titled Tuesday Blitz"]
[Site "Chess.com"]
[Date "2020.06.23"]
[Round "9"]
[White "Anton_Demchenko"]
[Black "GMTalks_Youtube"]
[Result "1-0"]
[WhiteElo "2843"]
[BlackElo "2675"]
[TimeControl "180+1"]
[EndTime "11:43:07 PDT"]
[Termination "Anton_Demchenko won by resignation"]

1. d4 d5 2. Nf3 Nf6 3. Bf4 e6 4. e3 Bd6 5. Ne5 O-O 6. Nd2 c5 7. c3 Qc7 8. Bd3 Nbd7 9. Ndf3 c4 10. Bc2 b5 11. a3 Bb7 12. g4 Nb6 13. g5 Ne4 14.
Rg1 a5 15. Nh4 b4 16. f3 bxc3 17. fxe4 cxb2 18. Rb1 dxe4 19. Qh5 c3 20. Ng4 Bxf4 21. Nf6+ gxf6 22. gxf6+ Kh8 23. Rg7 h6 24. Qg6 1-0

[Event "*** SCC Grand Prix: Titled Tuesday Blitz"]
[Site "Chess.com"]
[Date "2020.06.23"]
[Round "9"]
[White "Roman_Ovetchkin"]
[Black "reutik"]
[Result "1-0"]
[WhiteElo "2568"]
[BlackElo "2435"]
[TimeControl "180+1"]
[EndTime "11:43:17 PDT"]
[Termination "Roman_Ovetchkin won by resignation"]

1. d4 d5 2. c4 c6 3. Nf3 dxc4 4. e3 Be6 5. Be2 Nf6 6. O-O h6 7. Qc2 b5 8. b3 cxb3 9. axb3 Bd5 10. Nc3 b4 11. Nxd5 Nxd5 12. Bd2 e6 13. Ne5 Qb6 14. Bh5 g6 15. Nxf7 Kxf7 16. Qxg6+ Ke7 17. e4 Qxd4 18. exd5 Qxd2 19. Qxe6+ Kd8 20. Rfd1 Qg5 21. dxc6+ Kc7 22. Rd7+ Nxd7 23. Qxd7+ Kb6 24. Qb7+ 1-0

[Event "*** SCC Grand Prix: Titled Tuesday Blitz"]
[Site "Chess.com"]
[Date "2020.06.23"]
[Round "9"]
[White "blitzking1729"]
[Black "XiaoKangZhong"]
[Result "1-0"]
[WhiteElo "2568"]
[BlackElo "2405"]
[TimeControl "180+1"]
[EndTime "11:43:21 PDT"]
[Termination "blitzking1729 won by resignation"]

1. Nf3 Nf6 2. g3 g6 3. Bg2 Bg7 4. O-O O-O 5. d4 d5 6. c4 dxc4 7.
Na3 c5 8. dxc5 Qxd1 9. Rxd1 c3 10. Nb5 Na6 11. Nxc3 Nxc5 12. Be3 Ne6 13. h3 a6 14. Rac1 Bd7 15. Ne5 Rad8 16. Bxb7 Bb5 17. a4 Be8 18. Rxd8 Nxd8 19. Bxa6 Nd5 20. Nxd5 Bxe5 21. Bh6 Bxb2 22. Nxe7+ Kh8 23. Rc8 Bd7 24. Bxf8 Bxc8 25. Nxc8 1-0

[Event "*** SCC Grand Prix: Titled Tuesday Blitz"]
[Site "Chess.com"]
[Date "2020.06.23"]
[Round "9"]
[White "Poghosyan_Suren"]
[Black "Lucas_Tomiello"]
[Result "0-1"]
[WhiteElo "2433"]
[BlackElo "2343"]
[TimeControl "180+1"]
[EndTime "11:43:25 PDT"]
[Termination "Lucas_Tomiello won by resignation"]

1. d4 Nf6 2. Nf3 g6 3. c4 Bg7 4. Nc3 d5 5. Bf4 O-O 6. e3 c5 7.
dxc5 Qa5 8. Rc1 dxc4 9. Bxc4 Qxc5 10. Bb3 Qa5 11. O-O Nc6 12. h3 Bf5 13. Qe2 Ne4 14. Nd5 e5 15. Rxc6 bxc6 16. Ne7+ Kh8 17. Nxc6 Qb6 18. Ncxe5 Be6 19. Bxe6 Qxe6 20. Nd4 Qxa2 21.
f3 Nf6 22. Nec6 Rae8 23. Bd6 Rg8 24. e4 Nh5 25. g4 Rd8 26. e5 Ng3 27. Qa6 Qxa6 0-1

[Event "*** SCC Grand Prix: Titled Tuesday Blitz"]
[Site "Chess.com"]
[Date "2020.06.23"]
[Round "9"]
[White "Efremov_Vlad"]
[Black "larbiben"]
[Result "1-0"]
[WhiteElo "2193"]
[BlackElo "2030"]
[TimeControl "180+1"]
[EndTime "11:43:25 PDT"]
[Termination "Efremov_Vlad won on time"]

1. d4 d5 2. c4 c6 3. Nf3 Nf6 4. Qb3 e6 5. Bg5 Be7 6. Nc3 O-O 7.
e3 Nbd7 8. Be2 dxc4 9. Bxc4 Nd5 10. Bxe7 Qxe7 11. O-O Nxc3 12. bxc3 b5 13. Bd3 Bb7 14. a4 a6 15. axb5 cxb5 16. Nd2 Nf6 17. c4 bxc4 18.
Nxc4 Rfb8 19. Qc2 Nd5 20. Bxh7+ Kh8 21. Be4 Nb4 22. Qb1 Bd5 23. Bxd5 exd5 24. Ne5 Qg5 25. Nxf7+ Kg8 26. Nxg5 Rb6 27. Qh7+ 1-0